Rangers vs Flyers
Created - 7 avril 2013 at 12:00
Goals
|
| Rangers |
0 |
1 |
1 |
2 |
| Flyers |
1 |
0 |
0 |
1 |
|
Shots
|
| Rangers |
15 |
7 |
8 |
30 |
| Flyers |
21 |
3 |
4 |
28 |
|
1st period
1. Flyers , Martin St. Louis 14 (Erik Cole, Marc Savard) at 19:22
Penalties :
Erik Cole (Phi) for Roughing (Minor) at 0:07, Milan Lucic (NYR) for Holding (Minor) at 0:07
2nd period
2. Rangers , Kimmo Timonen 4 (Ian Laperriere, Patrick Sharp) at 1:54 (PP)
Penalties :
Brooks Orpik (Phi) for High sticking (Minor) at 1:46, Milan Lucic (NYR) for High sticking (Minor) at 5:13, Jeremy Roenick (NYR) for Interference (Minor) at 9:08, Kyle McLaren (NYR) for Goalie Interference (Minor) at 12:03, Kimmo Timonen (NYR) for Charging (Minor) at 15:00
3rd period
3. Rangers , Johan Franzen 26 (Milan Lucic, Kyle McLaren) at 10:05 (PP)
Penalties :
Milan Lucic (NYR) for Hooking (Minor) at 0:34, David Moss (Phi) for Kneeing (Major) at 6:38, Brooks Orpik (Phi) for High sticking (Minor) at 6:41, Bryan Berard (NYR) for Hooking (Minor) at 6:41
Goalie Stats
Henrik Lundqvist (NYR), 27 saves from 28 shots - (0,964), W, 30-20-3, 60:00 minutes
Chris Mason (Phi), 28 saves from 30 shots - (0,933), L, 15-18-6, 60:00 minutes
Players Stats for Rangers
Player Name G A P +/- PIM S H SB GA TA FO MP PP MP PK MP
------------------------------------------------------------------------------------
Alexandre Burrows 0 0 0 0 0 0 0 0 0 0 0/0 2:09 0:00 1:37
Bobby Holik 0 0 0 -1 0 1 2 0 0 0 3/9 15:06 1:11 1:37
Brent Seabrook 0 0 0 -1 0 0 0 2 0 0 0/0 12:55 0:00 0:31
Bryan Berard 0 0 0 0 2 1 3 2 0 0 0/0 25:32 2:09 5:20
Cam Barker 0 0 0 0 0 0 0 3 1 2 0/0 22:08 0:58 4:35
Cory Murphy 0 0 0 -1 0 2 0 0 0 0 0/0 14:26 1:11 1:40
Drew Stafford 0 0 0 0 0 0 0 0 0 0 0/0 5:43 0:00 0:00
Dustin Brown 0 0 0 -1 0 1 1 0 0 0 0/0 9:31 0:00 0:00
Ian Laperriere 0 1 1 0 0 2 1 0 0 0 0/0 14:17 0:51 0:00
Jarkko Ruutu 0 0 0 0 0 0 0 0 0 0 1/1 8:59 0:00 2:32
Jeremy Roenick 0 0 0 0 2 5 2 0 0 1 9/28 24:46 1:06 4:13
Johan Franzen 1 0 1 0 0 2 2 1 0 2 0/0 21:33 1:06 5:04
Kimmo Timonen 1 0 1 0 2 3 2 2 1 0 0/0 25:48 2:10 4:15
Kyle McLaren 0 1 1 0 2 2 1 0 0 0 0/0 20:38 0:58 3:29
Martin Sonnenberg 0 0 0 -1 0 2 1 0 0 0 0/0 12:25 1:11 0:00
Milan Lucic 0 1 1 0 6 3 0 0 0 0 2/6 16:21 1:06 1:29
Patrice Bergeron 0 0 0 0 0 3 4 0 1 0 5/12 14:45 0:51 0:22
Patrick Sharp 0 1 1 0 0 3 1 0 0 1 1/1 18:58 0:51 2:56
Players Stats for Flyers
Player Name G A P +/- PIM S H SB GA TA FO MP PP MP PK MP
------------------------------------------------------------------------------------
Andrei Kostitsyn 0 0 0 0 0 0 2 0 1 0 0/1 16:42 4:32 0:24
Blair Betts 0 0 0 0 0 1 1 0 0 0 3/4 9:22 0:00 1:27
Brooks Orpik 0 0 0 1 4 2 3 1 0 0 0/0 26:46 5:08 2:07
David Moss 0 0 0 0 5 0 1 0 0 0 0/0 12:55 0:00 0:00
Ed Jovanovski 0 0 0 0 0 0 0 1 1 0 0/0 14:44 4:47 0:00
Eric Godard 0 0 0 0 0 0 1 0 0 0 0/0 6:57 0:00 0:00
Erik Cole 0 1 1 1 2 2 1 0 0 0 1/1 18:37 5:23 0:00
Frantisek Kaberle 0 0 0 1 0 0 2 0 0 0 0/0 28:04 5:08 2:28
Jeff O'Neill 0 0 0 0 0 1 2 1 0 0 9/10 16:50 4:32 0:16
Marc Savard 0 1 1 1 0 1 3 1 1 1 16/32 22:03 5:23 2:29
Marcel Hossa 0 0 0 0 0 1 0 0 0 0 0/0 6:44 0:00 0:00
Martin St. Louis 1 0 1 1 0 8 0 0 0 1 1/1 23:08 5:23 2:28
Martin Straka 0 0 0 0 0 5 0 0 1 0 5/7 11:59 0:00 0:00
Mike Lundin 0 0 0 0 0 0 0 0 0 1 0/0 14:39 0:00 2:23
Miroslav Satan 0 0 0 0 0 5 0 0 0 0 0/0 10:56 0:00 0:00
Nolan Pratt 0 0 0 0 0 1 0 1 0 0 0/0 13:42 0:00 1:49
Scott Hannan 0 0 0 0 0 0 1 1 1 0 0/0 20:08 4:47 2:37
Shane Doan 0 0 0 0 0 1 0 0 1 0 1/1 16:35 4:32 0:00
3 Stars
1 - Henrik Lundqvist (NYR)
2 - Johan Franzen (NYR)
3 - Martin St. Louis (Phi)
Power Play
Rangers - 2 on 2 Attempt(s) - 100,00%
Flyers - 0 on 5 Attempt(s) - 0,00%
Penalty Kill
Rangers - 5 on 5 Attempt(s) - 100,00%
- Score 0 goal in Penalty Kill
Flyers - 0 on 2 Attempt(s) - 0,00%
- Score 0 goal in Penalty Kill
Official
Referees : O'Rourke Dan and Lee Chris
Linesman : Derek Nansen and Mark Wheler
Game Notes
Ed Jovanovski is injured at 5:23 of 3rd period (Strained Right Elbow)
Finance
Level 1 -- Attendance: 4628 (77,13%) -- Ticket Income 416 520 $
Level 2 -- Attendance: 4837 (96,74%) -- Ticket Income 241 850 $
Level 3 -- Attendance: 1986 (99,30%) -- Ticket Income 59 580 $
Level 4 -- Attendance: 3097 (77,43%) -- Ticket Income 61 940 $
Luxury Box -- Attendance: 853 (85,30%) -- Ticket Income 145 010 $
Game was played at the Spectrum
Total Attendance: 15401 (85,56%)
Total Ticket Income: 924 900 $
Total Income: 924 900 $
Rangers
5 vs 5 Forward
Center Left Wing Right Wing Time % Phy DF OF
1 Jeremy Roenick Milan Lucic Johan Franzen 40 1 2 2
2 Patrice Bergeron Patrick Sharp Ian Laperriere 30 1 2 2
3 Bobby Holik Martin Sonnenberg Dustin Brown 20 1 2 2
4 Jeremy Roenick Jarkko Ruutu Drew Stafford 10 1 2 2
5 vs 5 Defense
Defense Defense Time % Phy DF OF
1 Kimmo Timonen Bryan Berard 40 1 2 2
2 Cam Barker Kyle McLaren 30 1 2 2
3 Brent Seabrook Cory Murphy 20 1 2 2
4 Kimmo Timonen Bryan Berard 10 1 2 2
PowerPlay Forward
Center Left Wing Right Wing Time % Phy DF OF
1 Jeremy Roenick Milan Lucic Johan Franzen 60 1 2 2
2 Patrice Bergeron Patrick Sharp Ian Laperriere 40 1 2 2
PowerPlay Defense
Defense Defense Time % Phy DF OF
1 Kimmo Timonen Bryan Berard 60 1 2 2
2 Cam Barker Kyle McLaren 40 1 2 2
Penalty Kill 4 Players Forward
Center Wing Time % Phy DF OF
1 Jeremy Roenick Johan Franzen 60 1 2 2
2 Milan Lucic Patrick Sharp 40 1 2 2
Penalty Kill 4 Players Defense
Defense Defense Time % Phy DF OF
1 Kimmo Timonen Bryan Berard 60 1 2 2
2 Cam Barker Kyle McLaren 40 1 2 2
Penalty Kill - 3 Players Forward
Forward Time % Phy DF OF
1 Jeremy Roenick 60 1 2 2
2 Johan Franzen 40 1 2 2
Penalty Kill - 3 Players Defense
Defense Defense Time % Phy DF OF
1 Kimmo Timonen Bryan Berard 60 1 2 2
2 Cam Barker Kyle McLaren 40 1 2 2
4 vs 4 Forward
Center Wing Time % Phy DF OF
1 Jeremy Roenick Johan Franzen 60 1 2 2
2 Milan Lucic Patrick Sharp 40 1 2 2
4 vs 4 Defense
Defense Defense Time % Phy DF OF
1 Kimmo Timonen Bryan Berard 60 1 2 2
2 Cam Barker Kyle McLaren 40 1 2 2
Last Minutes Offensive
Center Left Wing Right Wing Defense Defense
Jeremy Roenick Milan Lucic Johan Franzen Kimmo Timonen Bryan Berard
Last Minutes Defensive
Center Left Wing Right Wing Defense Defense
Jeremy Roenick Milan Lucic Johan Franzen Kimmo Timonen Bryan Berard
Goaltenders
Starting : Henrik Lundqvist
Backup : Hannu Toivonen
Extra Forwards
Normal : Bobby Holik, Martin Sonnenberg, Jarkko Ruutu - PP : Bobby Holik, Martin Sonnenberg - PK : Jarkko Ruutu
Extra Defensemen
Normal : Brent Seabrook, Cory Murphy, Cam Barker - PP : Brent Seabrook - PK : Cory Murphy, Cam Barker
Penalty Shots
Jeremy Roenick, Johan Franzen, Milan Lucic, Patrick Sharp, Patrice Bergeron
Flyers
5 vs 5 Forward
Center Left Wing Right Wing Time % Phy DF OF
1 Marc Savard Erik Cole Martin St. Louis 40 1 2 2
2 Jeff O'Neill Andrei Kostitsyn Shane Doan 30 1 2 2
3 Martin Straka David Moss Miroslav Satan 20 1 2 2
4 Blair Betts Marcel Hossa Eric Godard 10 1 2 2
5 vs 5 Defense
Defense Defense Time % Phy DF OF
1 Frantisek Kaberle Brooks Orpik 40 1 2 2
2 Ed Jovanovski Scott Hannan 30 1 2 2
3 Nolan Pratt Mike Lundin 20 1 2 2
4 Frantisek Kaberle Brooks Orpik 10 1 2 2
PowerPlay Forward
Center Left Wing Right Wing Time % Phy DF OF
1 Marc Savard Erik Cole Martin St. Louis 60 1 2 2
2 Jeff O'Neill Andrei Kostitsyn Shane Doan 40 1 2 2
PowerPlay Defense
Defense Defense Time % Phy DF OF
1 Frantisek Kaberle Brooks Orpik 60 1 2 2
2 Ed Jovanovski Scott Hannan 40 1 2 2
Penalty Kill 4 Players Forward
Center Wing Time % Phy DF OF
1 Marc Savard Martin St. Louis 60 1 2 2
2 Shane Doan Jeff O'Neill 40 1 2 2
Penalty Kill 4 Players Defense
Defense Defense Time % Phy DF OF
1 Frantisek Kaberle Brooks Orpik 60 1 2 2
2 Ed Jovanovski Scott Hannan 40 1 2 2
Penalty Kill - 3 Players Forward
Forward Time % Phy DF OF
1 Marc Savard 60 1 2 2
2 Martin St. Louis 40 1 2 2
Penalty Kill - 3 Players Defense
Defense Defense Time % Phy DF OF
1 Frantisek Kaberle Brooks Orpik 60 1 2 2
2 Ed Jovanovski Scott Hannan 40 1 2 2
4 vs 4 Forward
Center Wing Time % Phy DF OF
1 Marc Savard Martin St. Louis 60 1 2 2
2 Shane Doan Jeff O'Neill 40 1 2 2
4 vs 4 Defense
Defense Defense Time % Phy DF OF
1 Frantisek Kaberle Brooks Orpik 60 1 2 2
2 Ed Jovanovski Scott Hannan 40 1 2 2
Last Minutes Offensive
Center Left Wing Right Wing Defense Defense
Marc Savard Erik Cole Martin St. Louis Frantisek Kaberle Brooks Orpik
Last Minutes Defensive
Center Left Wing Right Wing Defense Defense
Marc Savard Erik Cole Martin St. Louis Frantisek Kaberle Brooks Orpik
Goaltenders
Starting : Chris Mason
Backup : Ray Emery
Extra Forwards
Normal : Miroslav Satan, Martin Straka, Blair Betts - PP : Miroslav Satan, Martin Straka - PK : Blair Betts
Extra Defensemen
Normal : Nolan Pratt, Mike Lundin, Ed Jovanovski - PP : Nolan Pratt - PK : Mike Lundin, Ed Jovanovski
Penalty Shots
Marc Savard, Martin St. Louis, Shane Doan, Jeff O'Neill, Miroslav Satan
% Time on Ice - Rangers
Lines # - Real PCT - Wanted PCT - Time Play
Normal Forward
1 - 29% - 40% - 12:15
2 - 36% - 30% - 15:07
3 - 23% - 20% - 9:31
4 - 12% - 10% - 4:56
Normal Defense
1 - 40% - 40% - 16:44
2 - 34% - 30% - 14:06
3 - 23% - 20% - 9:38
4 - 3% - 10% - 1:21
PP Forward
1 - 73% - 60% - 2:17
2 - 27% - 40% - 0:51
PP Defense
1 - 69% - 60% - 2:10
2 - 31% - 40% - 0:58
PK Forward
1 - 70% - 60% - 6:59
2 - 30% - 40% - 2:56
PK Defense
1 - 56% - 60% - 5:35
2 - 44% - 40% - 4:20
PK3 Forward
1 - 0% - 60%
2 - 0% - 40%
PK3 Defense
1 - 0% - 60%
2 - 0% - 40%
44 Forward
1 - 64% - 60% - 2:32
2 - 36% - 40% - 1:26
44 Defense
1 - 47% - 60% - 1:52
2 - 53% - 40% - 2:06
Last Minute Offensive - 0:00
Last Minute Defensive - 1:10
Total
Forward - 60:00
Defense - 60:00
|
% Time on Ice - Flyers
Lines # - Real PCT - Wanted PCT - Time Play
Normal Forward
1 - 32% - 40% - 13:27
2 - 32% - 30% - 13:30
3 - 22% - 20% - 9:11
4 - 14% - 10% - 5:40
Normal Defense
1 - 38% - 40% - 15:44
2 - 35% - 30% - 14:32
3 - 23% - 20% - 9:45
4 - 4% - 10% - 1:47
PP Forward
1 - 54% - 60% - 5:23
2 - 46% - 40% - 4:32
PP Defense
1 - 52% - 60% - 5:08
2 - 48% - 40% - 4:47
PK Forward
1 - 62% - 60% - 1:57
2 - 38% - 40% - 1:11
PK Defense
1 - 80% - 60% - 2:30
2 - 20% - 40% - 0:38
PK3 Forward
1 - 82% - 60% - 1:37
2 - 18% - 40% - 0:22
PK3 Defense
1 - 61% - 60% - 1:13
2 - 39% - 40% - 0:46
44 Forward
1 - 52% - 60% - 1:02
2 - 48% - 40% - 0:57
44 Defense
1 - 64% - 60% - 1:16
2 - 36% - 40% - 0:43
Last Minute Offensive - 1:11
Last Minute Defensive - 0:00
Total
Forward - 60:00
Defense - 60:00
|
Play by Play
1st period
0:01 of 1st period - Jeremy Roenick wins face-off versus Marc Savard in neutral zone.
0:07 of 1st period - Minor Penalty to Erik Cole for Roughing.
0:07 of 1st period - Minor Penalty to Milan Lucic for Holding.
0:08 of 1st period - Marc Savard wins face-off versus Jeremy Roenick in Flyers zone.
0:14 of 1st period - Off-side.
0:15 of 1st period - Marc Savard wins face-off versus Jeremy Roenick in neutral zone.
0:48 of 1st period - Slapshot by Kimmo Timonen.
0:48 of 1st period - Stopped by Chris Mason without a rebound.
0:49 of 1st period - Shane Doan wins face-off versus Bobby Holik in Flyers zone.
1:27 of 1st period - Snap shot by Martin St. Louis.
1:27 of 1st period - Stopped by Henrik Lundqvist with a rebound.
1:34 of 1st period - Icing by Jeremy Roenick.
1:35 of 1st period - Marc Savard wins face-off versus Jeremy Roenick in Rangers zone.
1:36 of 1st period - Snap shot by Martin St. Louis.
1:36 of 1st period - Stopped by Henrik Lundqvist with a rebound.
2:07 of 1st period - Penalty to Erik Cole is over, Erik Cole is back on ice.
2:07 of 1st period - Penalty to Milan Lucic is over, Milan Lucic is back on ice.
2:12 of 1st period - Snap shot by Patrice Bergeron.
2:12 of 1st period - Shot Misses the Net.
2:25 of 1st period - Snap shot by Martin St. Louis.
2:25 of 1st period - Deflect By Kyle McLaren.
2:25 of 1st period - Shot Misses the Net.
2:25 of 1st period - Puck is out of play.
2:26 of 1st period - Jeff O'Neill wins face-off versus Bobby Holik in Rangers zone.
2:29 of 1st period - Snap shot by Jeff O'Neill.
2:29 of 1st period - Stopped by Henrik Lundqvist with a rebound.
3:00 of 1st period - Wrist shot by Martin Straka.
3:00 of 1st period - Stopped by Henrik Lundqvist without a rebound.
3:01 of 1st period - Patrick Sharp wins face-off versus Marc Savard in Rangers zone.
3:06 of 1st period - Slapshot by Martin St. Louis.
3:06 of 1st period - Stopped by Henrik Lundqvist without a rebound.
3:07 of 1st period - Marc Savard wins face-off versus Patrice Bergeron in Rangers zone.
3:38 of 1st period - Snap shot by Milan Lucic.
3:38 of 1st period - Shot Misses the Net.
3:40 of 1st period - Snap shot by Jeremy Roenick.
3:40 of 1st period - Stopped by Chris Mason with a rebound.
3:42 of 1st period - Snap shot by Milan Lucic.
3:42 of 1st period - Stopped by Chris Mason without a rebound.
3:43 of 1st period - Marc Savard wins face-off versus Milan Lucic in Flyers zone.
4:31 of 1st period - Brent Seabrook is hit by Blair Betts and loses puck.
4:54 of 1st period - Snap shot by Jeremy Roenick.
4:54 of 1st period - Stopped by Chris Mason with a rebound.
4:56 of 1st period - Slapshot by Bryan Berard.
4:56 of 1st period - Stopped by Chris Mason without a rebound.
4:57 of 1st period - Martin Straka wins face-off versus Jeremy Roenick in Flyers zone.
4:59 of 1st period - Icing by Miroslav Satan.
5:00 of 1st period - Martin Straka wins face-off versus Jeremy Roenick in Flyers zone.
5:25 of 1st period - Off-side.
5:26 of 1st period - Patrice Bergeron wins face-off versus Marc Savard in neutral zone.
5:29 of 1st period - Slapshot by Patrick Sharp.
5:29 of 1st period - Shot Blocked by Brooks Orpik.
5:31 of 1st period - Wrist shot by Ian Laperriere.
5:31 of 1st period - Shot Misses the Net.
5:33 of 1st period - Slapshot by Bryan Berard.
5:33 of 1st period - Shot Misses the Net.
5:35 of 1st period - Snap shot by Patrick Sharp.
5:35 of 1st period - Stopped by Chris Mason without a rebound.
5:36 of 1st period - Marc Savard wins face-off versus Patrice Bergeron in Flyers zone.
5:46 of 1st period - Brooks Orpik is hit by Patrice Bergeron and loses puck.
5:55 of 1st period - Backhand shot by Patrick Sharp.
5:55 of 1st period - Deflect By Patrice Bergeron.
5:55 of 1st period - Shot Misses the Net.
5:55 of 1st period - Puck is out of play.
5:56 of 1st period - Jeff O'Neill wins face-off versus Jeremy Roenick in Flyers zone.
6:01 of 1st period - Wrist shot by Jeremy Roenick.
6:01 of 1st period - Stopped by Chris Mason with a rebound.
6:03 of 1st period - Wrist shot by Kyle McLaren.
6:03 of 1st period - Shot Blocked by Ed Jovanovski.
6:07 of 1st period - Wrist shot by Milan Lucic.
6:07 of 1st period - Stopped by Chris Mason without a rebound.
6:08 of 1st period - Erik Cole wins face-off versus Jeremy Roenick in Flyers zone.
6:15 of 1st period - Wrist shot by Marc Savard.
6:15 of 1st period - Stopped by Henrik Lundqvist with a rebound.
6:17 of 1st period - Wrist shot by Marc Savard.
6:17 of 1st period - Shot Blocked by Kimmo Timonen.
6:19 of 1st period - Wrist shot by Erik Cole.
6:19 of 1st period - Shot Blocked by Johan Franzen.
6:21 of 1st period - Slapshot by Ed Jovanovski.
6:21 of 1st period - Shot Blocked by Bryan Berard.
6:23 of 1st period - Wrist shot by Erik Cole.
6:23 of 1st period - Shot Misses the Net.
7:04 of 1st period - Slapshot by Patrick Sharp.
7:04 of 1st period - Stopped by Chris Mason with a rebound.
7:06 of 1st period - Slapshot by Kyle McLaren.
7:06 of 1st period - Stopped by Chris Mason with a rebound.
7:22 of 1st period - Backhand shot by Miroslav Satan.
7:22 of 1st period - Stopped by Henrik Lundqvist without a rebound.
7:23 of 1st period - Jeremy Roenick wins face-off versus Marc Savard in Rangers zone.
7:30 of 1st period - Wrist shot by Martin St. Louis.
7:30 of 1st period - Stopped by Henrik Lundqvist with a rebound.
7:32 of 1st period - Slapshot by Brooks Orpik.
7:32 of 1st period - Deflect By Milan Lucic.
7:32 of 1st period - Stopped by Henrik Lundqvist without a rebound.
7:33 of 1st period - Jeremy Roenick wins face-off versus Marc Savard in Rangers zone.
7:33 of 1st period - Jeremy Roenick is hit by Marc Savard.
7:49 of 1st period - Snap shot by Marc Savard.
7:49 of 1st period - Deflect By Martin St. Louis.
7:49 of 1st period - Stopped by Henrik Lundqvist with a rebound.
7:51 of 1st period - Wrist shot by Brooks Orpik.
7:51 of 1st period - Stopped by Henrik Lundqvist without a rebound.
7:52 of 1st period - Jeff O'Neill wins face-off versus Patrice Bergeron in Rangers zone.
8:17 of 1st period - Milan Lucic is hit by Frantisek Kaberle and loses puck.
8:26 of 1st period - Brooks Orpik is hit by Jeremy Roenick and loses puck.
8:49 of 1st period - Snap shot by Bobby Holik.
8:49 of 1st period - Stopped by Chris Mason without a rebound.
8:50 of 1st period - Patrice Bergeron wins face-off versus Blair Betts in Flyers zone.
8:59 of 1st period - Slapshot by Patrice Bergeron.
8:59 of 1st period - Stopped by Chris Mason with a rebound.
9:01 of 1st period - Snap shot by Patrice Bergeron.
9:01 of 1st period - Stopped by Chris Mason with a rebound.
9:03 of 1st period - Slapshot by Ian Laperriere.
9:03 of 1st period - Stopped by Chris Mason without a rebound.
9:04 of 1st period - Marc Savard wins face-off versus Jeremy Roenick in Flyers zone.
9:11 of 1st period - Wrist shot by Erik Cole.
9:11 of 1st period - Stopped by Henrik Lundqvist with a rebound.
10:04 of 1st period - Off-side.
10:05 of 1st period - Marc Savard wins face-off versus Jeremy Roenick in neutral zone.
10:14 of 1st period - Snap shot by Martin St. Louis.
10:14 of 1st period - Stopped by Henrik Lundqvist with a rebound.
10:16 of 1st period - Snap shot by Erik Cole.
10:16 of 1st period - Stopped by Henrik Lundqvist with a rebound.
10:45 of 1st period - Snap shot by Shane Doan.
10:45 of 1st period - Stopped by Henrik Lundqvist with a rebound.
10:47 of 1st period - Backhand shot by Scott Hannan.
10:47 of 1st period - Deflect By Jeff O'Neill.
10:47 of 1st period - Shot Misses the Net.
10:47 of 1st period - Puck is out of play.
10:48 of 1st period - Bobby Holik wins face-off versus Martin Straka in Rangers zone.
10:57 of 1st period - Snap shot by Miroslav Satan.
10:57 of 1st period - Deflect By Martin Straka.
10:57 of 1st period - Stopped by Henrik Lundqvist with a rebound.
11:03 of 1st period - Snap shot by Martin Straka.
11:03 of 1st period - Stopped by Henrik Lundqvist with a rebound.
11:36 of 1st period - Slapshot by Bryan Berard.
11:36 of 1st period - Shot Misses the Net.
13:27 of 1st period - Wrist shot by Marcel Hossa.
13:27 of 1st period - Stopped by Henrik Lundqvist with a rebound.
13:35 of 1st period - Ian Laperriere is hit by Frantisek Kaberle and loses puck.
14:17 of 1st period - Martin Straka is hit by Johan Franzen and loses puck.
14:41 of 1st period - Icing by Shane Doan.
14:42 of 1st period - Bobby Holik wins face-off versus Andrei Kostitsyn in Flyers zone.
15:32 of 1st period - Wrist shot by Milan Lucic.
15:32 of 1st period - Shot Blocked by Jeff O'Neill.
16:12 of 1st period - Slapshot by Miroslav Satan.
16:12 of 1st period - Deflect By Kyle McLaren.
16:12 of 1st period - Shot Misses the Net.
16:12 of 1st period - Puck is out of play.
16:13 of 1st period - Bobby Holik wins face-off versus Marc Savard in Rangers zone.
16:35 of 1st period - Icing by Marc Savard.
16:36 of 1st period - Martin Straka wins face-off versus Jeremy Roenick in Flyers zone.
16:45 of 1st period - Slapshot by Miroslav Satan.
16:45 of 1st period - Stopped by Henrik Lundqvist with a rebound.
17:30 of 1st period - Slapshot by Blair Betts.
17:30 of 1st period - Stopped by Henrik Lundqvist with a rebound.
17:58 of 1st period - Wrist shot by Martin St. Louis.
17:58 of 1st period - Shot Blocked by Cam Barker.
18:36 of 1st period - Snap shot by Martin Sonnenberg.
18:36 of 1st period - Stopped by Chris Mason without a rebound.
18:37 of 1st period - Blair Betts wins face-off versus Patrice Bergeron in Flyers zone.
18:42 of 1st period - Blair Betts is hit by Bryan Berard and loses puck.
19:10 of 1st period - Backhand shot by Johan Franzen.
19:10 of 1st period - Deflect By Milan Lucic.
19:10 of 1st period - Shot Misses the Net.
19:10 of 1st period - Puck is out of play.
19:11 of 1st period - Marc Savard wins face-off versus Bobby Holik in Flyers zone.
19:22 of 1st period - Snap shot by Martin St. Louis.
19:22 of 1st period - Goal by Martin St. Louis - Rangers : 0 - Flyers : 1.
19:23 of 1st period - Marc Savard wins face-off versus Jeremy Roenick in neutral zone.
19:48 of 1st period - Marc Savard is hit by Bobby Holik and loses puck.
2nd period
0:01 of 2nd period - Jeremy Roenick wins face-off versus Marc Savard in neutral zone.
0:06 of 2nd period - Jeremy Roenick is hit by Erik Cole and loses puck.
0:25 of 2nd period - Brooks Orpik is hit by Kimmo Timonen and loses puck.
1:06 of 2nd period - Snap shot by Marcel Hossa.
1:06 of 2nd period - Shot Blocked by Brent Seabrook.
1:08 of 2nd period - Snap shot by Eric Godard.
1:08 of 2nd period - Deflect By Marcel Hossa.
1:08 of 2nd period - Shot Misses the Net.
1:08 of 2nd period - Puck is out of play.
1:09 of 2nd period - Blair Betts wins face-off versus Jeremy Roenick in Rangers zone.
1:12 of 2nd period - Wrist shot by Marcel Hossa.
1:12 of 2nd period - Shot Misses the Net.
1:44 of 2nd period - Cory Murphy is hit by Eric Godard and loses puck.
1:46 of 2nd period - Minor Penalty to Brooks Orpik for High sticking.
1:47 of 2nd period - Patrice Bergeron wins face-off versus Marc Savard in Flyers zone.
1:48 of 2nd period - Slapshot by Kimmo Timonen.
1:48 of 2nd period - Shot Blocked by Marc Savard.
1:50 of 2nd period - Wrist shot by Patrick Sharp.
1:50 of 2nd period - Shot Misses the Net.
1:52 of 2nd period - Slapshot by Ian Laperriere.
1:52 of 2nd period - Shot Misses the Net.
1:54 of 2nd period - Wrist shot by Kimmo Timonen.
1:54 of 2nd period - Goal by Kimmo Timonen - Rangers : 1 - Flyers : 1.
1:55 of 2nd period - Marc Savard wins face-off versus Jeremy Roenick in neutral zone.
2:08 of 2nd period - Snap shot by Marc Savard.
2:08 of 2nd period - Shot Misses the Net.
2:10 of 2nd period - Wrist shot by Marc Savard.
2:10 of 2nd period - Shot Blocked by Kimmo Timonen.
2:30 of 2nd period - Snap shot by Kimmo Timonen.
2:30 of 2nd period - Stopped by Chris Mason with a rebound.
3:46 of 2nd period - Slapshot by Martin Straka.
3:46 of 2nd period - Shot Misses the Net.
3:48 of 2nd period - Wrist shot by Martin Straka.
3:48 of 2nd period - Deflect By Milan Lucic.
3:48 of 2nd period - Stopped by Henrik Lundqvist with a rebound.
3:52 of 2nd period - Wrist shot by Martin Straka.
3:52 of 2nd period - Stopped by Henrik Lundqvist without a rebound.
3:53 of 2nd period - Jeff O'Neill wins face-off versus Bobby Holik in Rangers zone.
4:05 of 2nd period - Slapshot by Bryan Berard.
4:05 of 2nd period - Shot Blocked by Nolan Pratt.
4:07 of 2nd period - Snap shot by Dustin Brown.
4:07 of 2nd period - Stopped by Chris Mason with a rebound.
4:21 of 2nd period - Wrist shot by Martin St. Louis.
4:21 of 2nd period - Shot Misses the Net.
4:31 of 2nd period - Slapshot by Martin St. Louis.
4:31 of 2nd period - Stopped by Henrik Lundqvist with a rebound.
4:37 of 2nd period - Nolan Pratt is hit by Patrick Sharp and loses puck.
4:48 of 2nd period - Wrist shot by Patrick Sharp.
4:48 of 2nd period - Shot Misses the Net.
4:50 of 2nd period - Wrist shot by Patrick Sharp.
4:50 of 2nd period - Shot Misses the Net.
4:52 of 2nd period - Snap shot by Ian Laperriere.
4:52 of 2nd period - Shot Misses the Net.
4:54 of 2nd period - Slapshot by Patrice Bergeron.
4:54 of 2nd period - Stopped by Chris Mason without a rebound.
4:55 of 2nd period - Jeff O'Neill wins face-off versus Jeremy Roenick in Flyers zone.
4:57 of 2nd period - Icing by Brooks Orpik.
4:58 of 2nd period - Jeff O'Neill wins face-off versus Jeremy Roenick in Flyers zone.
5:03 of 2nd period - Jeremy Roenick is hit by Brooks Orpik and loses puck.
5:13 of 2nd period - Minor Penalty to Milan Lucic for High sticking.
5:14 of 2nd period - Jeremy Roenick wins face-off versus Marc Savard in Rangers zone.
5:25 of 2nd period - Jeremy Roenick is hit by Marc Savard.
5:59 of 2nd period - Slapshot by Frantisek Kaberle.
5:59 of 2nd period - Shot Misses the Net.
7:13 of 2nd period - Penalty to Milan Lucic is over, Milan Lucic is back on ice.
7:37 of 2nd period - Frantisek Kaberle is hit by Dustin Brown and loses puck.
8:00 of 2nd period - David Moss is hit by Patrice Bergeron and loses puck.
8:58 of 2nd period - Miroslav Satan is hit by Patrice Bergeron and loses puck.
9:08 of 2nd period - Minor Penalty to Jeremy Roenick for Interference.
9:09 of 2nd period - Jarkko Ruutu wins face-off versus Marc Savard in Rangers zone.
10:12 of 2nd period - Kimmo Timonen is hit by Andrei Kostitsyn and loses puck.
11:08 of 2nd period - Penalty to Jeremy Roenick is over, Jeremy Roenick is back on ice.
11:35 of 2nd period - Wrist shot by Blair Betts.
11:35 of 2nd period - Shot Blocked by Brent Seabrook.
12:03 of 2nd period - Minor Penalty to Kyle McLaren for Goalie Interference.
12:04 of 2nd period - Jeff O'Neill wins face-off versus Jeremy Roenick in Rangers zone.
12:17 of 2nd period - Cory Murphy is hit by Jeff O'Neill and loses puck.
12:57 of 2nd period - Icing by Scott Hannan.
12:58 of 2nd period - Martin St. Louis wins face-off versus Milan Lucic in Flyers zone.
14:03 of 2nd period - Penalty to Kyle McLaren is over, Kyle McLaren is back on ice.
14:18 of 2nd period - Wrist shot by Kyle McLaren.
14:18 of 2nd period - Stopped by Chris Mason without a rebound.
14:19 of 2nd period - Patrice Bergeron wins face-off versus Martin Straka in Flyers zone.
14:30 of 2nd period - Slapshot by Patrick Sharp.
14:30 of 2nd period - Stopped by Chris Mason without a rebound.
14:31 of 2nd period - Jeff O'Neill wins face-off versus Patrice Bergeron in Flyers zone.
14:36 of 2nd period - Patrice Bergeron is hit by Brooks Orpik and loses puck.
14:47 of 2nd period - Slapshot by Frantisek Kaberle.
14:47 of 2nd period - Deflect By Jeff O'Neill.
14:47 of 2nd period - Shot Misses the Net.
14:47 of 2nd period - Puck is out of play.
14:48 of 2nd period - Jeremy Roenick wins face-off versus Marc Savard in Rangers zone.
14:59 of 2nd period - Wrist shot by Milan Lucic.
14:59 of 2nd period - Shot Misses the Net.
15:00 of 2nd period - Minor Penalty to Kimmo Timonen for Charging.
15:01 of 2nd period - Marc Savard wins face-off versus Jeremy Roenick in Rangers zone.
15:02 of 2nd period - Backhand shot by Martin St. Louis.
15:02 of 2nd period - Shot Misses the Net.
15:04 of 2nd period - Slapshot by Martin St. Louis.
15:04 of 2nd period - Shot Misses the Net.
15:26 of 2nd period - Milan Lucic is hit by Andrei Kostitsyn and loses puck.
15:33 of 2nd period - Slapshot by Shane Doan.
15:33 of 2nd period - Shot Misses the Net.
17:00 of 2nd period - Penalty to Kimmo Timonen is over, Kimmo Timonen is back on ice.
17:47 of 2nd period - Snap shot by Martin Sonnenberg.
17:47 of 2nd period - Stopped by Chris Mason with a rebound.
19:36 of 2nd period - Martin Straka is hit by Kimmo Timonen and loses puck.
3rd period
0:01 of 3rd period - Milan Lucic wins face-off versus Marc Savard in neutral zone.
0:14 of 3rd period - Erik Cole is hit by Jeremy Roenick.
0:32 of 3rd period - Snap shot by Patrick Sharp.
0:32 of 3rd period - Deflect By Shane Doan.
0:32 of 3rd period - Shot Hit the Post.
0:32 of 3rd period - Puck is out of play.
0:33 of 3rd period - Milan Lucic wins face-off versus Jeff O'Neill in Flyers zone.
0:34 of 3rd period - Snap shot by Jeremy Roenick.
0:34 of 3rd period - Stopped by Chris Mason without a rebound.
0:34 of 3rd period - Minor Penalty to Milan Lucic for Hooking.
0:35 of 3rd period - Jeremy Roenick wins face-off versus Marc Savard in Rangers zone.
2:00 of 3rd period - Johan Franzen is hit by Marc Savard and loses puck.
2:34 of 3rd period - Penalty to Milan Lucic is over, Milan Lucic is back on ice.
2:42 of 3rd period - Bobby Holik is hit by David Moss and loses puck.
2:47 of 3rd period - Backhand shot by Miroslav Satan.
2:47 of 3rd period - Deflect By Martin Straka.
2:47 of 3rd period - Shot Blocked by Cam Barker.
2:47 of 3rd period - Puck is out of play.
2:48 of 3rd period - Martin Straka wins face-off versus Bobby Holik in Rangers zone.
2:49 of 3rd period - Wrist shot by Miroslav Satan.
2:49 of 3rd period - Stopped by Henrik Lundqvist without a rebound.
2:50 of 3rd period - Martin Straka wins face-off versus Bobby Holik in Rangers zone.
4:04 of 3rd period - Wrist shot by David Moss.
4:04 of 3rd period - Shot Misses the Net.
4:10 of 3rd period - Snap shot by Miroslav Satan.
4:10 of 3rd period - Stopped by Henrik Lundqvist with a rebound.
4:12 of 3rd period - Slapshot by Nolan Pratt.
4:12 of 3rd period - Stopped by Henrik Lundqvist with a rebound.
4:14 of 3rd period - Slapshot by Mike Lundin.
4:14 of 3rd period - Shot Misses the Net.
4:16 of 3rd period - Slapshot by Mike Lundin.
4:16 of 3rd period - Shot Blocked by Bryan Berard.
4:26 of 3rd period - Wrist shot by Miroslav Satan.
4:26 of 3rd period - Shot Misses the Net.
4:28 of 3rd period - Backhand shot by Miroslav Satan.
4:28 of 3rd period - Stopped by Henrik Lundqvist without a rebound.
4:29 of 3rd period - Patrice Bergeron wins face-off versus Marc Savard in Rangers zone.
4:36 of 3rd period - Slapshot by Erik Cole.
4:36 of 3rd period - Shot Misses the Net.
4:42 of 3rd period - Brooks Orpik is hit by Kyle McLaren and loses puck.
4:55 of 3rd period - Kyle McLaren is hit by Jeff O'Neill and loses puck.
5:22 of 3rd period - Ed Jovanovski is hit by Martin Sonnenberg and loses puck.
5:23 of 3rd period - Ed Jovanovski from Flyers is injured at 5:23 of 3rd period (Strained Right Elbow).
5:24 of 3rd period - Jeremy Roenick wins face-off versus Marc Savard in Flyers zone.
5:49 of 3rd period - Jeff O'Neill is hit by Ian Laperriere and loses puck.
5:56 of 3rd period - Wrist shot by Ian Laperriere.
5:56 of 3rd period - Stopped by Chris Mason without a rebound.
5:57 of 3rd period - Marc Savard wins face-off versus Patrice Bergeron in Flyers zone.
6:22 of 3rd period - Cam Barker is hit by Scott Hannan and loses puck.
6:38 of 3rd period - Major Penalty to David Moss for Kneeing.
6:39 of 3rd period - Jeremy Roenick wins face-off versus Marc Savard in Flyers zone.
6:41 of 3rd period - Minor Penalty to Brooks Orpik for High sticking.
6:41 of 3rd period - Minor Penalty to Bryan Berard for Hooking.
6:42 of 3rd period - Marc Savard wins face-off versus Jeremy Roenick in Flyers zone.
8:41 of 3rd period - Penalty to Brooks Orpik is over, Brooks Orpik is back on ice.
8:41 of 3rd period - Penalty to Bryan Berard is over, Bryan Berard is back on ice.
8:47 of 3rd period - Brooks Orpik is hit by Bryan Berard and loses puck.
8:56 of 3rd period - Snap shot by Bobby Holik.
8:56 of 3rd period - Shot Misses the Net.
8:58 of 3rd period - Slapshot by Kimmo Timonen.
8:58 of 3rd period - Shot Blocked by Scott Hannan.
9:00 of 3rd period - Slapshot by Bryan Berard.
9:00 of 3rd period - Shot Misses the Net.
9:02 of 3rd period - Wrist shot by Bryan Berard.
9:02 of 3rd period - Shot Misses the Net.
9:49 of 3rd period - Slapshot by Bryan Berard.
9:49 of 3rd period - Shot Misses the Net.
9:51 of 3rd period - Wrist shot by Cory Murphy.
9:51 of 3rd period - Stopped by Chris Mason without a rebound.
9:52 of 3rd period - Marc Savard wins face-off versus Milan Lucic in Flyers zone.
10:03 of 3rd period - Wrist shot by Johan Franzen.
10:03 of 3rd period - Stopped by Chris Mason with a rebound.
10:05 of 3rd period - Snap shot by Johan Franzen.
10:05 of 3rd period - Goal by Johan Franzen - Rangers : 2 - Flyers : 1.
10:06 of 3rd period - Marc Savard wins face-off versus Jeremy Roenick in neutral zone.
10:09 of 3rd period - Milan Lucic is hit by Brooks Orpik and loses puck.
11:03 of 3rd period - Icing by Kimmo Timonen.
11:04 of 3rd period - Jeff O'Neill wins face-off versus Patrice Bergeron in Rangers zone.
11:38 of 3rd period - Penalty to David Moss is over, David Moss is back on ice.
11:42 of 3rd period - Slapshot by Brooks Orpik.
11:42 of 3rd period - Shot Blocked by Cam Barker.
12:53 of 3rd period - Icing by Andrei Kostitsyn.
12:54 of 3rd period - Blair Betts wins face-off versus Milan Lucic in Flyers zone.
13:07 of 3rd period - Wrist shot by Milan Lucic.
13:07 of 3rd period - Shot Misses the Net.
13:09 of 3rd period - Backhand shot by Jeremy Roenick.
13:09 of 3rd period - Stopped by Chris Mason with a rebound.
13:23 of 3rd period - Wrist shot by Patrice Bergeron.
13:23 of 3rd period - Shot Misses the Net.
13:49 of 3rd period - Miroslav Satan is hit by Bryan Berard and loses puck.
16:26 of 3rd period - Snap shot by Drew Stafford.
16:26 of 3rd period - Shot Misses the Net.
16:28 of 3rd period - Snap shot by Jarkko Ruutu.
16:28 of 3rd period - Shot Misses the Net.
17:02 of 3rd period - Miroslav Satan is hit by Bobby Holik and loses puck.
18:20 of 3rd period - Jeff O'Neill is hit by Patrice Bergeron and loses puck.
19:00 of 3rd period - Martin Straka is hit by Johan Franzen and loses puck.
19:55 of 3rd period - Snap shot by Johan Franzen.
19:55 of 3rd period - Shot Misses the Net.
19:57 of 3rd period - Slapshot by Brent Seabrook.
19:57 of 3rd period - Deflect By Milan Lucic.
19:57 of 3rd period - Stopped by Chris Mason with a rebound.
19:59 of 3rd period - Slapshot by Cory Murphy.
19:59 of 3rd period - Stopped by Chris Mason with a rebound.
Output by the SimonT Hockey Simulator (STHS) for Pascal Landry -- Original Page W3C XHTML 1.0 Valid